 Dungeon Sprint DCSS version 0.30-a0-4-ga7cffc901d (webtiles) character file.

Game seed: 16883177141109054750

23354 mhtbhm the Ninja (level 12, -8/68 HPs)
             Began as a Spriggan Brigand on Aug 21, 2022.
             Was the Champion of Dithmenos.
             Mangled by a +1 hand axe of venom (12 damage)
             ... in the Dungeon (Sprint III: "The Ten Rune Challenge").
             The game lasted 00:08:31 (3809 turns).

mhtbhm the Ninja (Spriggan Brigand)                 Turns: 3809, Time: 00:08:32

Health: -8/68      AC:  9    Str:  5 (7)  XL:     12   Next: 71%
Magic:  24/24      EV: 27    Int: 10 (13) God:    Dithmenos [******]
Gold:   1291       SH:  0    Dex: 19 (21) Spells: 11/11 levels left

rFire   . . .      SeeInvis +    a - +2 dagger
rCold   . . .      Faith    .    (no shield)
rNeg    . . .      Spirit   .    b - +2 robe
rPois   .          Reflect  .    v - +2 hat {Will+}
rElec   .          Harm     .    c - +2 cloak
rCorr   .          Rampage  .    (gloves unavailable)
Will    ++++.      Clarity  +    (boots unavailable) Stlth *********+ NoTele +
                                 (no amulet)
HPRegen 0.21/turn                (no ring)
MPRegen 0.19/turn                (no ring)

@: lethally poisoned (-8 -> -23), wreathed by umbra, very quick
A: very small, no large weapons, unfitting armour, see invisible, speed 3,
clarity, strong-willed 1
a: Renounce Religion, Shadow Step, Shadow Form


You were in the Dungeon.
You worshipped Dithmenos.
Dithmenos was exalted by your worship.
You visited 1 branch You collected 2320 gold pieces.
You spent 1029 gold pieces at shops.

Inventory:

Hand Weapons
 a - a +2 dagger (weapon)
Missiles
 d - 6 poisoned darts
 e - 5 curare-tipped darts (quivered)
 s - 3 boomerangs
 t - 10 atropa-tipped darts
Armour
 b - a +2 robe (worn)
 c - a +2 cloak (worn)
 v - a +2 hat of willpower (worn)
Wands
 g - a wand of flame (13)
Scrolls
 k - 3 scrolls of blinking
 m - 2 scrolls of immolation
 o - 2 scrolls of identify {unknown}
Potions
 i - 2 potions of magic
 l - 3 potions of mutation
 p - 2 potions of flight
 u - a potion of resistance
Miscellaneous
 r - a phial of floods (inert)


   Skills:
 + Level 10.3 Fighting
 + Level 15.3 Short Blades
 + Level 12.7 Throwing
 + Level 12.9 Dodging
 O Level 27 Stealth
 * Level 15.6 Invocations
 + Level 1.7 Evocations


You had 11 spell levels left.
You didn't know any spells.
Your spell library contained the following spells:

 Spells                   Type           Power      Damage    Failure   Level
 Freeze                   Ice            0%         1d3       36%         1
 Frozen Ramparts          Ice            0%         1d1       75%         3
 Hailstorm                Conj/Ice       0%         3d3       98%         4
 Leda's Liquefaction      Hex/Erth       0%         N/A       98%         4
 Lee's Rapid Deconstruct  Erth           0%         3d5*      100%        5
 Statue Form              Tmut/Erth      0%         N/A       100%        6


Dungeon Overview and Level Annotations

Branches:
Dungeon (1/1)

Altars:
Cheibriados
Dithmenos
Elyvilon
Fedhas
Gozag
Hepliaklqana
Kikubaaqudgha
Makhleb
Nemelex Xobeh
Okawaru
Qazlal
Ru
Sif Muna
Trog
Uskayaw
Vehumet
Wu Jian
Xom
Yredelemnul
Zin
The Shining One
Jiyva
Lugonu

Shops:
D :=([?=![:(*?[[

Annotations:
D exclusion: obsidian statue


Innate Abilities, Weirdness & Mutations

You are very small and have problems with some larger weapons.
You are too small for most types of armour.
You have supernaturally acute eyesight. (SInv)
You cover ground extremely quickly. (Speed+++)
You possess an exceptional clarity of mind.
You are strong-willed. (Will+)


Message History

A +1 hand axe of venom is nearby!
A +1 hand axe of venom is nearby!
You see here a glowing shapeshifter corpse.
You are too injured to fight recklessly!
You start resting.
A +1 hand axe of venom is nearby!
You are too injured to fight recklessly!
You miss the +1 hand axe of venom.
Your shadow barely misses the +1 hand axe of venom.
The +1 hand axe of venom hits you!
You hit the +1 hand axe of venom but do no damage.
Your shadow hits the +1 hand axe of venom but does no damage.
The +1 hand axe of venom barely misses you.
You closely miss the +1 hand axe of venom.
The +1 hand axe of venom misses you.
You closely miss the +1 hand axe of venom.
Your shadow hits the +1 hand axe of venom but does no damage.
You hit the +1 hand axe of venom but do no damage.
Your shadow barely misses the +1 hand axe of venom.
The +1 hand axe of venom hits you but does no damage.
You hit the +1 hand axe of venom.
The +1 hand axe of venom is lightly damaged.
The +1 hand axe of venom hits you.
* * * LOW HITPOINT WARNING * * *
You are poisoned.
You hit the +1 hand axe of venom but do no damage.
You feel sick. The +1 hand axe of venom hits you.
* * * LOW HITPOINT WARNING * * *
You emit a cloud of dark smoke.
You are lethally poisoned!
You miss the +1 hand axe of venom.
* * * LOW HITPOINT WARNING * * *
You feel sick. The +1 hand axe of venom misses you.
You miss the +1 hand axe of venom.
* * * LOW HITPOINT WARNING * * *
You feel very sick.
You hit the +1 hand axe of venom but do no damage.
* * * LOW HITPOINT WARNING * * *
You feel sick. The +1 hand axe of venom hits you!
You die...

≈≈≈≈ ############ §§≈
#...#...#..# #...#...#..#
##'###'##.†# ###.......'..#
##.#.#####†####..u...#
#######..+.#)..§§#§.#......#
§§....'..#######§§..#......#
§§########.. ..#@####......#
###.∩⌠⌠∩.#..#..#(#..#......#
#8#.∩⌠⌠∩.#.#.#.#.'..#......#
..#.∩∩.∩.#...((#.#..#......#
§.#.∩∩∩∩.#(....#.#..'......#
..#......# #.'.#..#......#
§§###''### #..#.#[.#......#
§§#.⌠..⌠.#)....###########+#
#.#......######


You could see a +1 hand axe of venom.

Vanquished Creatures
  Sigmund (D)
  Rupert (D)
  Gastronok (D)
  2 dire elephants (D)
  Josephine (D)
  A fire dragon (D)
  2 ice dragons (D)
  2 hydras (D)
  2 centaur warriors (D)
  3 orc high priests (D)
  Urug (D)
  A death drake (D)
  A spriggan druid (D)
  A glowing orange brain (shapeshifter) (D)
  A deep elf pyromancer (D)
  A lindwurm (D)
  2 crystal guardians (D)
  An ugly thing (D)
  2 elephants (D)
  An eye of devastation (shapeshifter) (D)
  Edmund (D)
  2 cane toads (D)
  A komodo dragon (D)
  2 unseen horrors (D)
  A rime drake (D)
  4 spriggan defenders (D)
  2 tyrant leeches (D)
  5 blink frogs (D)
  2 spriggans (D)
  A shadow (D)
  A spatial vortex (D)
  3 redbacks (D)
  4 orc warriors (D)
  A swamp drake (D)
  2 centaurs (D)
  An earth elemental (D)
  A necrophage (D)
  A scorpion (D)
  A water elemental (D)
  An electric eel (D)
  A jelly (D)
  3 orc priests (D)
  A wizard (D)
  A necromancer (D)
  2 orc wizards (D)
  3 humans (D)
  A kobold demonologist (D)
  2 swamp drake simulacra (D)
  2 wandering mushrooms (D)
  10 orcs (D)
  An endoplasm (D)
  3 rats (D)
  A ballistomycete spore (D)
96 creatures vanquished.

Vanquished Creatures (others)
  A wandering mushroom (D)
  10 plants (D)
11 creatures vanquished.

Grand Total: 107 creatures vanquished

Notes
Turn   | Place    | Note
-------+----------+-------------------------------------------
     0 | D        | mhtbhm the Spriggan Brigand began the quest for the Orb.
     0 | D        | Reached XP level 1. HP: 10/10 MP: 2/2
     5 | D        | Reached skill level 6 in Stealth
     8 | D        | Reached skill level 7 in Stealth
    48 | D        | Reached skill level 9 in Stealth
    48 | D        | Reached XP level 2. HP: 15/15 MP: 3/3
    59 | D        | Noticed a scorpion
   153 | D        | Killed a scorpion
   154 | D        | Reached skill level 11 in Stealth
   154 | D        | Reached XP level 3. HP: 19/19 MP: 4/4
   154 | D        | Reached XP level 4. HP: 23/23 MP: 5/5
   234 | D        | Gained mutation: You are strong-willed. (Will+) [potion of
                  | mutation]
   234 | D        | Gained mutation: You possess an exceptional clarity of
                  | mind. [potion of mutation]
   249 | D        | Noticed a water elemental
   251 | D        | Killed a water elemental
   252 | D        | Reached skill level 13 in Stealth
   262 | D        | Found a shadowy altar of Dithmenos.
   262 | D        | Noticed a necrophage
   263 | D        | Found a basalt altar of Yredelemnul.
   263 | D        | Found a sacrificial altar of Ru.
   265 | D        | Reached skill level 14 in Stealth
   265 | D        | Reached XP level 5. HP: 28/28 MP: 6/6
   266 | D        | Reached skill level 5 in Throwing
   266 | D        | Reached skill level 15 in Stealth
   269 | D        | Became a worshipper of Dithmenos the Shadowed
   285 | D        | Found a radiant altar of Vehumet.
   286 | D        | Found a shimmering blue altar of Sif Muna.
   286 | D        | Found an ancient bone altar of Kikubaaqudgha.
   288 | D        | Reached skill level 1 in Invocations
   290 | D        | Reached skill level 16 in Stealth
   290 | D        | Reached XP level 6. HP: 32/32 MP: 6/8
   304 | D        | Found a glowing silver altar of Zin.
   305 | D        | Found a glowing golden altar of the Shining One.
   305 | D        | Found a white marble altar of Elyvilon.
   305 | D        | Noticed a deep elf pyromancer
   307 | D        | Killed a deep elf pyromancer
   307 | D        | Reached * piety under Dithmenos
   308 | D        | Reached skill level 19 in Stealth
   308 | D        | Reached XP level 7. HP: 36/36 MP: 7/11
   317 | D        | Found a hide-covered altar of Uskayaw.
   317 | D        | Found an iron altar of Okawaru.
   318 | D        | Found a bloodstained altar of Trog.
   318 | D        | Found an ornate altar of the Wu Jian Council.
   318 | D        | Noticed a human
   318 | D        | Noticed a human
   320 | D        | Killed a human
   321 | D        | Reached skill level 5 in Short Blades
   321 | D        | Reached skill level 20 in Stealth
   321 | D        | Reached skill level 5 in Invocations
   321 | D        | Killed a human
   358 | D        | Noticed a shadow
   360 | D        | Killed a shadow
   360 | D        | Reached ** piety under Dithmenos
   361 | D        | Reached skill level 21 in Stealth
   361 | D        | Reached XP level 8. HP: 42/42 MP: 13/13
   366 | D        | Found a blossoming altar of Fedhas.
   366 | D        | Found a stormy altar of Qazlal.
   367 | D        | Found a snail-covered altar of Cheibriados.
   367 | D        | Found a burning altar of Makhleb.
   367 | D        | Found a hazy altar of Hepliaklqana.
   367 | D        | Found a shimmering altar of Xom.
   367 | D        | Found an opulent altar of Gozag.
   367 | D        | Found a sparkling altar of Nemelex Xobeh.
   367 | D        | Found a corrupted altar of Lugonu.
   367 | D        | Found a viscous altar of Jiyva.
   389 | D        | Noticed Josephine
   391 | D        | Killed Josephine
   392 | D        | Reached skill level 23 in Stealth
   414 | D        | Reached *** piety under Dithmenos
   415 | D        | Reached XP level 9. HP: 45/45 MP: 15/15
   420 | D        | Noticed a centaur warrior
   428 | D        | Killed a centaur warrior
   429 | D        | Reached skill level 24 in Stealth
   542 | D        | Noticed an unseen horror
   543 | D        | Killed an unseen horror
   543 | D        | Reached **** piety under Dithmenos
   544 | D        | Reached skill level 25 in Stealth
   546 | D        | Noticed an unseen horror
   549 | D        | Killed an unseen horror
   555 | D        | Noticed a wandering mushroom
   563 | D        | Noticed a wandering mushroom
   565 | D        | Noticed a wandering mushroom
  1693 | D        | Reached skill level 5 in Dodging
  1868 | D        | Noticed an orc high priest
  1877 | D        | Reached ***** piety under Dithmenos
  1877 | D        | Killed an orc high priest
  1877 | D        | Reached ****** piety under Dithmenos
  1878 | D        | Reached skill level 5 in Fighting
  1878 | D        | Reached skill level 26 in Stealth
  1878 | D        | Reached XP level 10. HP: 51/51 MP: 16/18
  1967 | D        | Found Lafyl's Book Emporium.
  2098 | D        | Noticed Sigmund
  2098 | D        | Noticed Edmund
  2100 | D        | Killed Edmund
  2102 | D        | Killed Sigmund
  2103 | D        | Reached skill level 27 in Stealth
  2103 | D        | Reached skill level 10 in Invocations
  2131 | D        | Noticed a cane toad
  2131 | D        | Noticed a cane toad
  2135 | D        | Killed a cane toad
  2136 | D        | Reached skill level 10 in Short Blades
  2136 | D        | Killed a cane toad
  2141 | D        | Reached XP level 11. HP: 58/58 MP: 18/20
  2152 | D        | Noticed a lindwurm
  2155 | D        | Killed a lindwurm
  2156 | D        | Reached skill level 10 in Throwing
  2163 | D        | Noticed Urug
  2165 | D        | Killed Urug
  2169 | D        | Noticed a four-headed hydra
  2169 | D        | Noticed a five-headed hydra
  2171 | D        | Killed a five-headed hydra
  2172 | D        | Killed a four-headed hydra
  2183 | D        | Noticed a death drake
  2186 | D        | Killed a death drake
  2193 | D        | Found a blossoming altar of Fedhas.
  2193 | D        | Noticed a spriggan druid
  2195 | D        | Killed a spriggan druid
  2221 | D        | Noticed an ice dragon
  2225 | D        | Noticed an ice dragon
  2225 | D        | Noticed an ice dragon
  2226 | D        | Killed an ice dragon
  2227 | D        | Found Soma's Jewellery Emporium.
  2227 | D        | Found Ezxekump's Antique Weapon Shop.
  2227 | D        | Noticed an ice dragon
  2229 | D        | Killed an ice dragon
  2431 | D        | Reached skill level 10 in Dodging
  2725 | D        | Noticed Rupert
  2729 | D        | Killed Rupert
  2730 | D        | Reached XP level 12. HP: 66/66 MP: 23/23
  2740 | D        | Noticed an azure jelly
  2740 | D        | Noticed an azure jelly
  2740 | D        | Noticed an azure jelly
  2740 | D        | Noticed an azure jelly
  2741 | D        | Noticed a dire elephant
  2741 | D        | Noticed a dire elephant
  2741 | D        | Noticed Gastronok
  2743 | D        | Killed Gastronok
  2744 | D        | Killed a dire elephant
  2746 | D        | Killed a dire elephant
  2851 | D        | Reached skill level 15 in Invocations
  2861 | D        | HP: 1/100 [sixfirhy[an orc high priest] (9)]
  3191 | D        | Found Hezonwe's Book Emporium.
  3191 | D        | Found Cuohex's Antique Weapon Shop.
  3191 | D        | Found Kelaqak's Antique Armour Shoppe.
  3191 | D        | Found Dimogg Efiss's Antique Armour Boutique.
  3191 | D        | Found Tymmazaq's Antique Armour Shop.
  3191 | D        | Found Qixtefri's Magic Scroll Emporium.
  3191 | D        | Found Xoenoicu's General Store.
  3192 | D        | Found Ubuidagh's Distillery.
  3192 | D        | Found Siaxkih's Jewellery Shoppe.
  3192 | D        | Found Kotaerph's Magic Scroll Shop.
  3192 | D        | Found Tutario's Antique Armour Emporium.
  3244 | D        | Bought a glowing cloak for 217 gold pieces
  3259 | D        | Bought a scroll of acquirement for 676 gold pieces
  3259 | D        | Acquired 928 gold pieces
  3264 | D        | Bought a scroll of blinking for 97 gold pieces
  3294 | D        | Bought a potion of flight for 39 gold pieces
  3501 | D        | Reached skill level 1 in Evocations
  3503 | D        | Reached skill level 10 in Fighting
  3537 | D        | Reached skill level 15 in Short Blades
  3576 | D        | Noticed a centaur warrior
  3580 | D        | Killed a centaur warrior
  3593 | D        | Noticed a fire dragon
  3597 | D        | Killed a fire dragon
  3809 | D        | Mangled by a +1 hand axe of venom

Illustrated notes

Levels and vault maps discovered:
D:        dungeon_sprint_mu [sprint_mu_entry_forest, sprint_mu_temple_rooms,
          sprint_mu_d1_horrors, sprint_mu_d2_genie, sprint_mu_d3_branching,
          sprint_mu_orc_legion, sprint_mu_elf_gauntlet, sprint_mu_hive_nellie,
          sprint_mu_lair_fedhas, sprint_mu_vaults_butterflies,
          sprint_mu_slime_circle, sprint_mu_swamp_cave, sprint_mu_snake_twists,
          sprint_mu_blade_basic, sprint_mu_crypt_fortress,
          sprint_mu_tomb_spiral, sprint_mu_vestibule_basic,
          sprint_mu_gehenna_hellfire, sprint_mu_dis_giant,
          sprint_mu_tartarus_statrot, sprint_mu_cocytus_islands, sprint_mu_zot1]

Skill      XL: |  1  2  3  4  5  6  7  8  9 10 11 12 |
---------------+-------------------------------------+-----
Stealth        | 9 11 14 16 19 21 23 26 27 | 27.0
Throwing       | 3 4 5 6 7 8 9 11 12 | 12.7
Fighting       | 2 3 4 5 6 9 10 | 10.3
Short Blades   | 3 4 5 7 10 13 15 | 15.3
Dodging        | 2 3 4 5 7 10 12 | 12.9
Invocations    | 1 4 5 7 9 11 14 15 | 15.6
Evocations     | 1 |  1.7

Action                   |  1- 3 |  4- 6 |  7- 9 | 10-12 || total
-------------------------+-------+-------+-------+-------++-------
Melee: Dagger            |    12 |     6 |   112 |   124 ||   254
       Punch             |       |       |     4 |     1 ||     5
Throw: Dart              |    11 |       |    10 |     7 ||    28
Invok: Shadow Step       |       |       |       |     5 ||     5
Evoke: Wand              |       |       |       |     5 ||     5
       Phial of floods   |       |       |       |     2 ||     2
  Use: Potion            |       |     1 |     1 |    11 ||    13
       Scroll            |       |       |     2 |     1 ||     3
 Stab: Sleeping          |     2 |     6 |    10 |    42 ||    60
       Distracted        |       |       |     1 |     1 ||     2
Armor: Robe              |     1 |       |     8 |     3 ||    12
Dodge: Dodged            |     5 |       |    53 |    67 ||   125

Table legend: (Time is in decaauts)
 A = Elapsed time spent in this place.
 B = Non-inter-level travel time spent in this place.
 C = Inter-level travel time spent in this place.
 D = Time resting spent in this place.
 E = Time spent auto-exploring this place.
 F = Levels seen in this place.
 G = Mean time per level.
                   A        B        C        D        E       F      G
               +--------+--------+--------+--------+--------+-----+--------+
         Total |   3344 |   3335 |      9 |   2357 |     27 |   1 | 3344.0 |
       Dungeon |   3344 |   3335 |      9 |   2357 |     27 |   1 | 3344.0 |
               +--------+--------+--------+--------+--------+-----+--------+

Top non-repeatable levels by time:
       D: 3344 daAuts
